 Dungeon Crawl Stone Soup version 0.28-a0-577-gb193047a1f (webtiles) character file.

Game seed: 4072399180786092796

107 iamoutofideas the Chopper (level 4, 0/55 HPs)
             Began as a Hill Orc Gladiator on Oct 1, 2021.
             Succumbed to a gnoll's poison
             ... on level 3 of the Dungeon.
             The game lasted 00:03:41 (3535 turns).

iamoutofideas the Chopper (Hill Orc Gladiator)      Turns: 3535, Time: 00:03:41

Health: 0/55       AC:  5    Str: 17    XL:     4   Next: 86%
Magic:  4/4        EV: 12    Int:  8    God:
Gold:   13         SH:  0    Dex: 12    Spells: 3/3 levels left

rFire   . . .      SeeInvis .   a - +0 war axe
rCold   . . .      Faith    .   (no shield)
rNeg    . . .      Spirit   .   b - +0 leather armour
rPois   .          Reflect  .   c - +0 helmet
rElec   .          Harm     .   k - +0 cloak
rCorr   .          Rampage  .   (no gloves)
Will    .....                   (no boots)
Stlth   ..........              (no amulet)
HPRegen 0.18/turn               (no ring)
MPRegen 0.09/turn               (no ring)

@: berserking, lethally poisoned (0 -> -10), very quick
A: no striking features
a: no special abilities


You were on level 3 of the Dungeon.
You visited 1 branch of the dungeon, and saw 4 of its levels.

You collected 46 gold pieces.
You spent 33 gold pieces at shops.

Inventory:

Hand Weapons
 a - a +0 war axe (weapon)
Missiles
 d - 3 throwing nets (quivered)
Armour
 b - a +0 leather armour (worn)
 c - a +0 helmet (worn)
 k - a +0 cloak (worn)
Jewellery
 h - an amulet of magic regeneration
Scrolls
 g - a scroll of fog {unknown}
 l - a scroll of teleportation {unknown}
 m - a scroll of fear {unknown}
 n - a scroll of blinking {unknown}
 o - a scroll of silence {unknown}
Potions
 e - 2 potions of haste {unknown}
 f - a potion of curing
 i - a potion of ambrosia {unknown}
 j - a potion of berserk rage


   Skills:
 - Level 2.4 Fighting
 + Level 7.2 Axes
 - Level 1.7 Throwing
 - Level 2.4 Dodging


You had 3 spell levels left.
You didn't know any spells.
Your spell library contained the following spells:

 Spells                   Type           Power      Damage    Failure   Level
 Animate Dead             Necr           0%         N/A       99%         4
 Haunt                    Necr/Summ      0%         N/A       100%        7
 Infestation              Necr           0%         N/A       100%        8


Dungeon Overview and Level Annotations

Branches:
Dungeon (4/15)
 Temple: D:4-7

Altars:
Makhleb

Shops:
D:2 [   D:3 ![=!

Annotations:
D:2 exclusion: downstairs
D:3 Sigmund


Message History

The gnoll hits you with a +4 whip of venom!
There is a stone staircase leading up here.
You feel very sick. The gnoll hits you with a +0 flail!
* * * LOW HITPOINT WARNING * * *
The gnoll misses you.
You climb upwards.
Level annotation: Sigmund
* * * LOW HITPOINT WARNING * * *
You feel very sick.
There is a stone staircase leading down, spattered with blood here.
You feel better. The gnoll hits you with a +0 flail.
* * * LOW HITPOINT WARNING * * *
The gnoll hits you with a +4 whip of venom.
* * * LOW HITPOINT WARNING * * *
You are lethally poisoned!
You feel better. The gnoll hits you with a +0 flail.
* * * LOW HITPOINT WARNING * * *
The gnoll hits you but does no damage.
You are lethally poisoned!
It was a potion of berserk rage.
A red film seems to cover your vision as you go berserk!
You feel yourself moving faster!
You feel mighty!
You feel sick. The gnoll barely misses you. The gnoll closely misses you.
Unknown command.
You slash the gnoll!
The gnoll is heavily wounded.
You slash the gnoll!
You feel sick. The gnoll barely misses you.
The gnoll hits you with a +4 whip of venom.
* * * LOW HITPOINT WARNING * * *
You are more poisoned.
You hit the gnoll.
The gnoll is severely wounded.
You slash the gnoll!
You kill the gnoll!
* * * LOW HITPOINT WARNING * * *
You feel sick.
You barely miss the gnoll.
The gnoll is severely wounded.
You die... ################ .......g@)..[... ################

You could see a gnoll.

Vanquished Creatures
  A gnoll shaman (D:3)
  A gnoll (D:3)
  4 worms (D:3)
  4 dart slugs
  An orc (D:3)
  2 endoplasms (D:3)
  3 giant cockroaches
  6 goblins
  4 hobgoblins
  3 quokkas
  6 ball pythons
  2 bats
  3 frilled lizards (D:3)
  5 kobolds
  3 rats
48 creatures vanquished.

Notes
Turn   | Place    | Note
-------+----------+-------------------------------------------
     0 | D:1      | iamoutofideas the Hill Orc Gladiator began the quest for
                  | the Orb.
     0 | D:1      | Reached XP level 1. HP: 18/18 MP: 1/1
   435 | D:1      | Reached XP level 2. HP: 24/25 MP: 2/2
  1161 | D:1      | Reached skill level 5 in Axes
  1787 | D:2      | Found Zedicoth's Armour Shoppe.
  1798 | D:2      | Reached XP level 3. HP: 29/30 MP: 3/3
  2365 | D:3      | Found Faatuf's Distillery.
  2370 | D:3      | Bought a potion of curing for 33 gold pieces
  2474 | D:3      | Found Weegrom's Armour Shop.
  2475 | D:3      | Found Feofyuh's Jewellery Boutique.
  2483 | D:3      | Reached skill level 6 in Axes
  2550 | D:3      | Found Mecovese's Distillery.
  2758 | D:3      | Found a burning altar of Makhleb.
  2823 | D:3      | Reached XP level 4. HP: 29/37 MP: 4/4
  3109 | D:3      | Noticed Sigmund
  3423 | D:3      | Reached skill level 7 in Axes
  3530 | D:3      | HP: 1/37 [gnoll (6)]
  3535 | D:3      | Succumbed to a gnoll's poison

Illustrated notes

Levels and vault maps discovered:
D:1:      dpeg_arrival_tiny_d, layout_basic, minmay_misc_feat_alley,
          minmay_misc_feat_nine_boxes
D:2:      layout_loops_ring, serial_shops, shop
D:3:      layout_basic, lightli_temple_of_fire, serial_shops,
          nicolae_shop_crystal, shop, nicolae_shop_crystal, nicolae_shop_trees,
          uniq_sigmund
D:4:      layout_basic, temple_green, minmay_starry_boxes, uniq_blork_the_orc

Skill      XL: |  1  2  3  4 |
---------------+-------------+-----
Axes           | 5 6 7 |  7.2
Fighting       | |  2.4
Throwing       | |  1.7
Dodging        | |  2.4

Action                   |  1- 3 |  4- 6 || total
-------------------------+-------+-------++-------
Melee: War axe           |   114 |    24 ||   138
  Use: Potion            |       |     3 ||     3
Armor: Leather armour    |    34 |     4 ||    38
Dodge: Dodged            |    82 |    11 ||    93

Table legend: (Time is in decaauts)
 A = Elapsed time spent in this place.
 B = Non-inter-level travel time spent in this place.
 C = Inter-level travel time spent in this place.
 D = Time resting spent in this place.
 E = Time spent auto-exploring this place.
 F = Levels seen in this place.
 G = Mean time per level.
                   A        B        C        D        E       F      G
               +--------+--------+--------+--------+--------+-----+--------+
         Total |   3569 |   3386 |    183 |    769 |   2152 |   4 |  892.2 |
       Dungeon |   3569 |   3386 |    183 |    769 |   2152 |   4 |  892.2 |
               +--------+--------+--------+--------+--------+-----+--------+

Top non-repeatable levels by time:
     D:1: 1686 daAuts
     D:3: 1019 daAuts
     D:2: 852 daAuts
     D:4: 10 daAuts
